 Dungeon Crawl Stone Soup version 0.29-a0-321-gf1c400731a (webtiles) character file.

Game seed: 9425073791281744704

175 sokol815 the Sneak (level 5, -11/25 HPs)
             Began as a Spriggan Brigand on Apr 5, 2022.
             Killed by divine providence
             ... invoked by an orc priest
              (15 damage)
             ... on level 4 of the Dungeon.
             The game lasted 00:08:33 (4331 turns).

sokol815 the Sneak (Spriggan Brigand)               Turns: 4331, Time: 00:08:34

Health: -11/25     AC:  3    Str:  7    XL:     5   Next: 29%
Magic:  6/6        EV: 21    Int: 14    God:
Gold:   161        SH:  0    Dex: 28    Spells: 4/4 levels left

rFire   + . .      SeeInvis +   a - +2 dagger
rCold   x . .      Faith    .   (no shield)
rNeg    . . .      Spirit   .   r - +0 robe
rPois   .          Reflect  .   (helmet restricted)
rElec   +          Harm     .   c - +0 cloak
rCorr   .          Rampage  .   (gloves unavailable)
Will    .....                   (boots unavailable)
Stlth   ++++++....              v - amulet "Mikanom" {RegenMP rElec rC- Dex+5 Stlth+}
HPRegen 0.08/turn               m - +6 ring of dexterity
MPRegen 0.50/turn               F - ring of protection from fire {rF+, !d}

@: very quick
A: very small, no large weapons, unfitting armour, see invisible, speed 3
a: no special abilities


You were on level 4 of the Dungeon.
You visited 1 branch of the dungeon, and saw 4 of its levels.

You collected 161 gold pieces.

Inventory:

Hand Weapons
 a - a +2 dagger (weapon)
 b - a +0 hunting sling
   (You found it on level 2 of the Dungeon)
 t - a +1 falchion of holy wrath
   (You took it off an orc on level 3 of the Dungeon)
 u - a +0 hand axe
   (You took it off an orc on level 3 of the Dungeon)
Missiles
 d - 17 poisoned darts
 e - 3 curare-tipped darts
 s - 141 stones (quivered)
Armour
 c - a +0 cloak (worn)
 r - a +0 robe (worn)
Jewellery
 k - the ring "Nodibb Ihoi" {Fire rN+}
   (You took it off a goblin on level 3 of the Dungeon)

   [ring of fire]

   It enhances your fire magic.
   rF:        It protects you from fire.
   rC:        It makes you vulnerable to cold.
   rN:        It protects you from negative energy.
 m - a +6 ring of dexterity (left hand)
   (You found it on level 1 of the Dungeon)
 v - the amulet "Mikanom" (around neck) {RegenMP rElec rC- Dex+5 Stlth+}
   (You found it on level 3 of the Dungeon)

   [amulet of magic regeneration]

   It increases your rate of magic regeneration.
   Dex:       It affects your dexterity (+5).
   rC:        It makes you vulnerable to cold.
   rElec:     It insulates you from electricity.
   Stlth:     It makes you more stealthy.
 F - a ring of protection from fire (right hand) {rF+, !d}
   (You found it on level 2 of the Dungeon)
 X - a ring of resist corrosion
   (You found it on level 1 of the Dungeon)
Wands
 y - a wand of mindburst (16)
   (You found it on level 3 of the Dungeon)
Scrolls
 f - 3 scrolls of fog
 g - a scroll of teleportation {unknown}
 i - a scroll of silence {unknown}
 l - a scroll of enchant weapon {unknown}
Potions
 h - a potion of cancellation
 j - a potion of invisibility {unknown}
 n - a potion of resistance {unknown}
 o - a potion of lignification {unknown}
 w - a potion of berserk rage {unknown}
 G - a potion of ambrosia {!q}
 H - a potion of haste
 L - a potion of flight
 U - 2 potions of mutation {!q}


   Skills:
 - Level 1.5 Fighting
 + Level 3.3 Short Blades
 - Level 2.0 Throwing
 * Level 4.4 Dodging
 * Level 7.8 Stealth


You had 4 spell levels left.
You didn't know any spells.
Your spell library contained the following spells:

 Spells                   Type           Power      Damage    Failure   Level
 Hailstorm                Conj/Ice       0%         3d3       96%         4
 Ice Form                 Ice/Tmut       0%         N/A       96%         4
 Blade Hands              Tmut           0%         N/A       100%        5
 Irradiate                Conj/Tmut      0%         3d13      100%        5
 Simulacrum               Ice/Necr       0%         N/A       100%        6
 Dragon Form              Tmut           0%         N/A       100%        7


Dungeon Overview and Level Annotations

Branches:
Dungeon (4/15)
 Temple: D:4-7

Altars:


Innate Abilities, Weirdness & Mutations

You are very small and have problems with some larger weapons.
You are too small for most types of armour.
You have supernaturally acute eyesight. (SInv)
You cover ground extremely quickly. (Speed+++)


Message History

Things that are here:
a +0 dagger; a kobold corpse You swap places.
You now have 161 gold pieces (gained 14).
An orc and an orc priest come into view.
Found an escape hatch in the ceiling.
An orc comes into view. It is wielding a +0 dagger.
You see here 6 poisoned darts.
You shoot a sling bullet. The sling bullet hits the orc priest!
The orc priest mumbles some strange prayers to Beogh against you.
Pain shoots through your body!
You take 6 damage, and have 19/25 hp.
MASSIVE DAMAGE!!
You shoot a sling bullet. The sling bullet hits the orc priest.
Really fire in your ball python's direction? [Y]es or [N]o only, please.
Really fire in your ball python's direction? [Y]es or [N]o only, please.
Really fire in your ball python's direction?
Okay, then.
No target in view!
Your ball python dissolves into shadows!
You shoot a sling bullet. The sling bullet hits the orc priest!
You kill the orc priest!
Your goblin dissolves into shadows!
No target in view!
No target in view!
No target in view!
You start resting.
Health restored: 25 You shoot a sling bullet.
The sling bullet hits the orc!
You kill the orc!
You shoot a sling bullet.
The sling bullet hits the orc but does no damage.
The orc shouts!
You hear a shout!
An orc priest comes into view. It is wielding a +0 club.
You shoot a sling bullet. The sling bullet barely misses the orc.
The orc priest looks braver for a moment.
You hear a shout!
You shoot a sling bullet. The sling bullet hits the orc!
You kill the orc!
An orc comes into view.
It is wielding a +0 club and wearing a +2 scale mail of willpower.
You shoot a sling bullet. The sling bullet barely misses the orc.
The orc moves out of view.
No target in view!
No target in view!
No target in view!
Unknown command.
No target in view!
No target in view!
No target in view!
You start waiting.
An orc is nearby!
You shoot a sling bullet. The sling bullet barely misses the orc.
The orc priest mumbles some strange prayers to Beogh against you.
Beogh smites you!
You take 9 damage, and have 16/25 hp.
MASSIVE DAMAGE!!
Aim: an orc priest, wielding a +0 club (chance to affect: 64%)
The orc resists with some effort.
You shoot a sling bullet.
The sling bullet hits the orc but does no damage.
You shoot a sling bullet.
The sling bullet hits the orc but does no damage.
The orc misses you.
You shoot a sling bullet. The sling bullet hits the orc priest.
The orc priest hits you with a +0 club. The orc misses you.
You take 1 damage, and have 16/25 hp.
You shoot a sling bullet. The sling bullet hits the orc priest.
The orc priest completely misses you. The orc closely misses you.
You shoot a sling bullet.
The sling bullet closely misses the orc priest.
The orc hits you with a +0 club. The orc priest completely misses you.
The orc barely misses you.
The orc priest miscasts a cantrip.
You take 1 damage, and have 15/25 hp.
You are too injured to fight recklessly!
You are too injured to fight recklessly!
You are too injured to fight recklessly!
You are too injured to fight recklessly!
You are too injured to fight recklessly!
You are too injured to fight recklessly!
You are too injured to fight recklessly!
a - a +2 dagger (weapon)
You closely miss the orc priest. The orc completely misses you.
The orc priest closely misses you.
You hit the orc priest. The orc priest closely misses you.
The orc completely misses you.
You closely miss the orc priest.
The orc priest invokes the aid of Beogh against you.
Pain shoots through your body!
* * * LOW HITPOINT WARNING * * *
The orc completely misses you.
You take 12 damage, and have 3/25 hp.
MASSIVE DAMAGE!!
The orc closely misses you.
The orc priest invokes the aid of Beogh against you.
Beogh smites you!
Ouch! That really hurt!
You die...

.#.............####...#+####.#
.#.............##............#
.#.............##............#
.#.............##............#
.#.............##.....o....(#
.'.............##....o......###
.#.)............†.............#
.#########+#+##.............#)#
## #†@...........#...
#.)#+########## .). #..# ...
### ##### #..# .) ..#......
...# ........# ###.#
#######.####.# #.#
.............# #.#
......<.##### #.#


You could see an orc priest and an orc.

Vanquished Creatures
  An orc priest (D:4)
  2 adders (D:2)
  2 worms (D:2)
  A dart slug (D:2)
  11 orcs
  8 ball pythons
  10 endoplasms
  2 giant cockroaches (D:3)
  15 hobgoblins
  4 jackals (D:2)
  7 kobolds
  3 quokkas
  5 bats
  5 frilled lizards
  10 goblins
  10 rats
96 creatures vanquished.

Vanquished Creatures (collateral kills)
  2 ball pythons (D:4)
  A giant cockroach (D:4)
  A kobold (D:4)
4 creatures vanquished.

Grand Total: 100 creatures vanquished

Notes
Turn   | Place    | Note
-------+----------+-------------------------------------------
     0 | D:1      | sokol815 the Spriggan Brigand began the quest for the Orb.
     0 | D:1      | Reached XP level 1. HP: 10/10 MP: 2/2
   295 | D:1      | Reached skill level 6 in Stealth
   400 | D:1      | Reached skill level 2 in Dodging
   476 | D:1      | Reached XP level 2. HP: 12/14 MP: 3/3
  1221 | D:1      | Reached XP level 3. HP: 14/18 MP: 4/4
  1782 | D:2      | Reached skill level 3 in Dodging
  1792 | D:2      | Found a faded altar of an unknown god.
  2175 | D:2      | Reached skill level 7 in Stealth
  2175 | D:2      | Reached XP level 4. HP: 22/22 MP: 5/5
  2263 | D:2      | Reached skill level 3 in Short Blades
  2304 | D:2      | HP: 5/22 [poisoned by an adder]
  3482 | D:3      | Identified the ring "Nodibb Ihoi" {Fire rN+}
  3575 | D:3      | Noticed a water moccasin
  3704 | D:3      | Reached skill level 4 in Dodging
  3841 | D:3      | Identified the amulet "Mikanom" {RegenMP rElec rC- Dex+5
                  | Stlth+}
  4187 | D:4      | Reached XP level 5. HP: 25/25 MP: 6/6
  4321 | D:4      | HP: 3/25 [orc priest/nerve-wracking pain (12)]
  4331 | D:4      | Killed from afar by an orc priest

Illustrated notes

Levels and vault maps discovered:
D:1:      minmay_arrival_widening_spiral_wide, layout_rooms, minmay_vboxes
D:2:      kennysheep_six_static_rooms, layout_loops_corners,
          hellmonk_ecumenical_altar_dog_temple
D:3:      layout_loops_ring, minmay_goblin_outpost
D:4:      layout_basic, mainiacjoe_overflow_catwalk, minmay_bisected

Skill      XL: |  1  2  3  4 |
---------------+-------------+-----
Stealth        | 6 7 |  7.8
Dodging        | 2 3 4 |  4.4
Short Blades   | 3 |  3.3
Fighting       | |  1.5
Throwing       | |  2.0

Action                   |  1- 3 |  4- 6 || total
-------------------------+-------+-------++-------
Melee: Dagger            |   135 |    18 ||   153
 Fire: Hunting sling     |       |   129 ||   129
Throw: Stone             |   116 |    17 ||   133
Evoke: Wand              |       |     1 ||     1
  Use: Scroll            |       |     7 ||     7
Armor: Robe              |    19 |     5 ||    24
Dodge: Dodged            |    88 |    48 ||   136

Table legend: (Time is in decaauts)
 A = Elapsed time spent in this place.
 B = Non-inter-level travel time spent in this place.
 C = Inter-level travel time spent in this place.
 D = Time resting spent in this place.
 E = Time spent auto-exploring this place.
 F = Levels seen in this place.
 G = Mean time per level.
                   A        B        C        D        E       F      G
               +--------+--------+--------+--------+--------+-----+--------+
         Total |   3455 |   3405 |     50 |   1160 |   1389 |   4 |  863.8 |
       Dungeon |   3455 |   3405 |     50 |   1160 |   1389 |   4 |  863.8 |
               +--------+--------+--------+--------+--------+-----+--------+

Top non-repeatable levels by time:
     D:1: 1632 daAuts
     D:2: 1010 daAuts
     D:3: 542 daAuts
     D:4: 270 daAuts

Table legend:
 A = Kills in this place as a percentage of kills in entire the game.
 B = Kills by you in this place as a percentage of kills by you in the entire game.
 C = Kills by friends in this place as a percentage of kills by friends in the entire game.
 D = Other kills in this place as a percentage of other kills in the entire game.
 E = Experience gained in this place as a percentage of experience gained in the entire game.
 F = Experience gained in this place divided by the number of levels of this place that you have seen.
                   A       B       C       D       E      F
               +-------+-------+-------+-------+-------+----------------------
         Total | 100.0 | 100.0 | 100.0 |   N/A | 100.0 |  62.8
       Dungeon | 100.0 | 100.0 | 100.0 |   N/A | 100.0 |  62.8
               +-------+-------+-------+-------+-------+----------------------
